[Event "Titled Tuesday Blitz November 14 Early 2023"]
[White "Matlakov, Maxim"]
[Black "Dragun, Kamil"]
[WhiteFideId "4168003"]
[BlackFideId "1134167"]
[WhiteElo "2961"]
[BlackElo "2850"]
[Result "1-0"]
[Round "11"]
[TimeControl "180+1"]
[Date "2023.11.14"]
[WhiteClock "0:00:03"]
[BlackClock "0:00:00"]
[Board "6"]

1. d4 Nf6 2. Nf3 e6 3. Bg5 d5 4. Nbd2 c5 5. e3 Nc6 6. c3 Be7 7. Bd3 b6 8. Qe2 Bb7 9. Rd1 O-O 10. O-O Qc7 11. dxc5 bxc5 12. e4 Nh5 13. g3 Bxg5 14. Nxg5 Nf6 15. Rfe1 Ne5 16. Bb1 d4 17. f4 Ng6 18. e5 Qc6 19. Nde4 Nxe4 20. Bxe4 Qb6 21. Bxb7 Qxb7 22. cxd4 cxd4 23. Rxd4 Qb6 24. Qf2 Rac8 25. Red1 Ne7 26. Rd7 Nd5 27. Qxb6 axb6 28. Rd2 h6 29. Ne4 Rc1+ 30. Kf2 Rfc8 31. Nd6 R8c2 32. Ke2 Rxd2+ 33. Kxd2 Rh1 34. Nxf7 Rxh2+ 35. Ke1 Rg2 36. Nd8 Rxg3 37. Nxe6 Ne3 38. Kf2 Nf5 39. Rd8+ Kf7 40. Nd4 Rd3 41. e6+ Kg6 42. e7 Nxe7 43. Ke2 Rh3 44. Rd6+ Kf7 45. Rxb6 Nd5 46. Rb7+ Kf6 47. f5 h5 48. a4 h4 49. a5 Rh1 50. Rd7 h3 51. Rxd5 h2 52. Nf3 Re1+ 53. Kxe1 h1=Q+ 54. Kf2 Qc1 55. Re5 Qxb2+ 56. Kg3 Qa2 57. Kf4 Qa4+ 58. Kg3 Qa3 59. Kf4 Qc1+ 60. Kg3 Qc7 61. Kf4 Qd6 62. Kg3 Qd8 63. Kg4 Qb8 64. Re6+ Kf7 65. Ne5+ Kg8 66. a6 Qb4+ 67. Kg5 Qd2+ 68. Kg4 Qd4+ 69. Kf3 Kh7 70. Ng6 Qd5+ 71. Kf4 Qd4+ 72. Kg5 Qd2+ 73. Nf4 1-0


[Site "https://www.chess.com"]

[Event "Titled Tuesday Blitz November 14 Early 2023"]
[White "Bharath Subramaniyam H"]
[Black "Rakhmanov, Aleksandr"]
[WhiteFideId "46634827"]
[BlackFideId "4173708"]
[WhiteElo "2949"]
[BlackElo "2868"]
[Result "0-1"]
[Round "11"]
[TimeControl "180+1"]
[Date "2023.11.14"]
[WhiteClock "0:00:05"]
[BlackClock "0:00:09"]
[Board "7"]

1. e4 c5 2. Nf3 Nf6 3. e5 Nd5 4. Nc3 Nxc3 5. dxc3 Nc6 6. Bf4 Qc7 7. Bd3 e6 8. Qe2 h6 9. O-O-O Rb8 10. Nd2 b5 11. Ne4 Qa5 12. Nd6+ Bxd6 13. exd6 b4 14. c4 Qxa2 15. Be5 f6 16. Qh5+ Kf8 17. Bg3 Qa1+ 18. Kd2 Qxb2 19. Qxc5 Qc3+ 20. Ke3 b3 21. Rb1 Nb4 22. Qc7 Nxc2+ 23. Ke2 Nd4+ 24. Ke3 Nc6 25. Rhc1 Qd4+ 26. Ke2 Kf7 27. Rd1 Qc5 28. Be4 Rb7 29. Bxc6 Rxc7 30. dxc7 Qxc4+ 31. Ke1 dxc6 32. Bd6 e5 33. f3 Bf5 34. Rb2 Qc3+ 35. Rdd2 Bc2 36. Ba3 Rc8 0-1


[Site "https://www.chess.com"]

[Event "Titled Tuesday Blitz November 14 Early 2023"]
[White "Rychkov, Oleg"]
[Black "Terry, Renato"]
[WhiteFideId "4122852"]
[BlackFideId "3803457"]
[WhiteElo "2858"]
[BlackElo "3011"]
[Result "1-0"]
[Round "11"]
[TimeControl "180+1"]
[Date "2023.11.14"]
[WhiteClock "0:00:16"]
[BlackClock "0:01:12"]
[Board "8"]

1. e4 e6 2. d4 d5 3. Nd2 Be7 4. Ngf3 Nf6 5. Bd3 c5 6. c3 Nc6 7. e5 Nd7 8. O-O g5 9. dxc5 Ndxe5 10. Nxe5 Nxe5 11. Bb5+ Bd7 12. Bxd7+ Qxd7 13. Nb3 Ng6 14. Qh5 f6 15. f4 gxf4 16. Bxf4 e5 17. Bh6 Qe6 18. Rae1 O-O-O 19. Kh1 Rhg8 20. Nd4 Qd7 21. Nb3 Kb8 22. h3 Ka8 23. Be3 Rg7 24. Rf2 Qa4 25. Bh6 Rgg8 26. Nc1 d4 27. cxd4 Qxd4 28. Ref1 Qxc5 29. Nb3 Qc6 30. Be3 Qe4 31. Re2 Rd3 32. Bc5 Rxh3+ 33. Qxh3 Qxe2 34. Rg1 Bd8 35. Qc8# 1-0


[Site "https://www.chess.com"]

[Event "Titled Tuesday Blitz November 14 Early 2023"]
[White "Oparin, Grigoriy"]
[Black "BardArtem"]
[WhiteFideId "24125890"]
[WhiteElo "2995"]
[BlackElo "2840"]
[Result "1-0"]
[Round "11"]
[TimeControl "180+1"]
[Date "2023.11.14"]
[WhiteClock "0:02:00"]
[BlackClock "0:00:00"]
[Board "9"]

1. Nf3 d5 2. c4 e6 3. g3 Nf6 4. Bg2 Nbd7 5. d4 c6 6. Qc2 b6 7. O-O Ba6 8. Nbd2 Be7 9. e4 O-O 10. Rd1 Nxe4 11. Nxe4 dxe4 12. Ne5 Nf6 13. Nxc6 Qc7 14. Nxe7+ Qxe7 15. b3 Rfd8 16. Bg5 Bb7 17. Bxf6 Qxf6 18. Bxe4 Rab8 19. Bxh7+ Kh8 20. Be4 Rxd4 21. Bxb7 Rxb7 22. Rxd4 Qxd4 23. Rd1 Qf6 24. Qe4 Qe7 25. Qc6 Rc7 26. Qa8+ Kh7 27. Rd8 Rd7 28. Rh8+ Kg6 29. Qf3 Qg5 30. Kg2 Qf5 31. Ra8 Qxf3+ 32. Kxf3 Kf5 33. Ke3 Kg4 34. h4 f5 35. Re8 Rd6 36. Re7 g6 37. Rxa7 f4+ 38. gxf4 Rd7 39. Rxd7 1-0


[Site "https://www.chess.com"]

[Event "Titled Tuesday Blitz November 14 Early 2023"]
[White "Samsonkin, Artiom"]
[Black "Galchenko, Matvey"]
[WhiteFideId "13503111"]
[BlackFideId "24175480"]
[WhiteElo "2836"]
[BlackElo "2953"]
[Result "0-1"]
[Round "11"]
[TimeControl "180+1"]
[Date "2023.11.14"]
[WhiteClock "0:00:00"]
[BlackClock "0:00:16"]
[Board "10"]

1. e4 e6 2. d4 d5 3. Nc3 Bb4 4. Ne2 Nf6 5. e5 Nfd7 6. Qd3 c5 7. Qg3 cxd4 8. Qxg7 Rf8 9. Nxd4 Qc7 10. Nb5 Qa5 11. a3 Be7 12. Bd2 Qb6 13. Be3 Qd8 14. O-O-O Nc6 15. Nd6+ Bxd6 16. exd6 Qf6 17. Qxh7 a6 18. Qh6 Rh8 19. Qxf6 Nxf6 20. f3 Bd7 21. Na4 Kf8 22. Nb6 Rd8 23. Bc5 Kg7 24. g4 Be8 25. Bd3 Rh3 26. Rdf1 Nd7 27. Nxd7 Bxd7 28. Rf2 Rdh8 29. Bf1 R3h4 30. h3 e5 31. Be3 f5 32. Bg5 R4h7 33. Rg1 Kf7 34. Bd3 Rxh3 35. gxf5 Rg8 36. Rfg2 Nd4 37. f6 Nxf3 38. Rg3 Rxg3 39. Rxg3 Nxg5 40. Re3 Kxf6 41. Be2 e4 42. Rc3 Bc6 43. Bxa6 Ne6 44. Be2 Rg1+ 45. Kd2 Ke5 46. Rh3 Kxd6 47. Rh2 d4 0-1


[Site "https://www.chess.com"]

[Event "Titled Tuesday Blitz November 14 Early 2023"]
[White "Vakhlamov, Igor L."]
[Black "Sychev, Klementy"]
[WhiteFideId "24126748"]
[BlackFideId "4114060"]
[WhiteElo "2824"]
[BlackElo "2933"]
[Result "1-0"]
[Round "11"]
[TimeControl "180+1"]
[Date "2023.11.14"]
[WhiteClock "0:00:12"]
[BlackClock "0:00:00"]
[Board "11"]

1. e4 e5 2. Nf3 Nf6 3. Nc3 d6 4. d4 exd4 5. Nxd4 Be7 6. Be2 O-O 7. O-O Re8 8. Re1 Bf8 9. Bf1 c6 10. Bf4 Nbd7 11. a4 Nc5 12. Qf3 h6 13. h3 a5 14. Rad1 Bd7 15. e5 dxe5 16. Bxe5 Nh7 17. Bc4 Ng5 18. Qg3 Qc8 19. h4 Nh7 20. Re3 Be6 21. Nxe6 Nxe6 22. Ne4 Kh8 23. Rde1 Qd8 24. Rf3 f6 25. Bc3 Nc5 26. Qg6 Nxe4 27. Rxe4 Rxe4 28. Qxe4 Bb4 29. Bd4 Nf8 30. c3 Bd6 31. Re3 Qd7 32. Bd3 Rd8 33. Rf3 c5 34. Be3 b6 35. Bc2 Qe7 36. Qg4 Qd7 37. Bf5 Qe7 38. g3 Qe8 39. Kg2 h5 40. Qc4 Qc6 41. Be4 Qe8 42. Qd5 Be5 43. Qc4 Qd7 44. Bc1 Qe8 45. b3 Nh7 46. Re3 Nf8 47. Re2 Qd7 48. Bf3 Qc7 49. Bxh5 Qc6+ 50. Bf3 Qd7 51. Be3 Nh7 52. Rd2 Qc7 53. Rxd8+ Qxd8 54. b4 axb4 55. cxb4 cxb4 56. Qxb4 Bc7 57. Qc4 Nf8 58. Qf7 Qd6 59. Bd5 Kh7 60. h5 1-0


[Site "https://www.chess.com"]

[Event "Titled Tuesday Blitz November 14 Early 2023"]
[White "Steinberg, Nitzan"]
[Black "Javakhadze, Zurab"]
[WhiteFideId "2801795"]
[BlackFideId "13603647"]
[WhiteElo "2903"]
[BlackElo "2794"]
[Result "1-0"]
[Round "11"]
[TimeControl "180+1"]
[Date "2023.11.14"]
[WhiteClock "0:00:05"]
[BlackClock "0:00:00"]
[Board "12"]

1. e4 c5 2. Nf3 d6 3. Bb5+ Bd7 4. c4 Nf6 5. Nc3 g6 6. O-O Bg7 7. d4 cxd4 8. Nxd4 O-O 9. h3 Nc6 10. Be3 Rc8 11. Bxc6 bxc6 12. c5 Qc7 13. Rc1 Rfd8 14. Qa4 Qb7 15. Qa3 e5 16. Nf3 d5 17. Nxe5 Nxe4 18. Nxe4 dxe4 19. Nc4 Be6 20. b3 Bxc4 21. Rxc4 f5 22. Bf4 Rd5 23. Ra4 Ra8 24. Bd6 Bd4 25. Qc1 Re8 26. Rd1 e3 27. Rdxd4 Rxd4 28. Rxd4 e2 29. Qe1 Qa6 30. f4 Qxa2 31. Be5 Qc2 32. Kh2 Qxc5 33. Rd2 Qb5 34. Rxe2 Qxb3 35. Rd2 Qe6 36. Qe3 a5 37. Qc5 a4 38. Rd6 Qf7 39. Qxc6 a3 40. Rd7 Qb3 41. Rg7+ Kf8 42. Qf6+ 1-0


[Site "https://www.chess.com"]

[Event "Titled Tuesday Blitz November 14 Early 2023"]
[White "Henriquez Villagra, Cristobal"]
[Black "Finek, Vaclav"]
[WhiteFideId "3409350"]
[BlackFideId "23718293"]
[WhiteElo "2891"]
[BlackElo "2768"]
[Result "0-1"]
[Round "11"]
[TimeControl "180+1"]
[Date "2023.11.14"]
[WhiteClock "0:00:15"]
[BlackClock "0:00:36"]
[Board "13"]

1. d4 d5 2. c4 c6 3. cxd5 cxd5 4. Nc3 Nf6 5. Bf4 Nc6 6. e3 Bf5 7. Qb3 Na5 8. Qa4+ Bd7 9. Qc2 e6 10. Nf3 Rc8 11. Bd3 Bb4 12. O-O O-O 13. Rfc1 h6 14. Nd2 b5 15. Rab1 Nc4 16. Nxc4 dxc4 17. Bf1 Bc6 18. f3 Bxc3 19. bxc3 Nd5 20. Qd2 Nxf4 21. exf4 a6 22. Re1 Bd5 23. Re5 f5 24. Qb2 Rf7 25. Qb4 Rb7 26. a4 a5 27. Qa3 b4 28. cxb4 axb4 29. Rxb4 Qf8 0-1


[Site "https://www.chess.com"]

[Event "Titled Tuesday Blitz November 14 Early 2023"]
[White "Cherniaiev, Tykhon"]
[Black "Nihal Sarin"]
[WhiteFideId "14182360"]
[BlackFideId "25092340"]
[WhiteElo "2842"]
[BlackElo "3098"]
[Result "0-1"]
[Round "11"]
[TimeControl "180+1"]
[Date "2023.11.14"]
[WhiteClock "0:00:10"]
[BlackClock "0:00:32"]
[Board "14"]

1. Nf3 d5 2. d4 Nf6 3. c4 e6 4. Nc3 Be7 5. Bg5 Nbd7 6. e3 O-O 7. cxd5 exd5 8. Bd3 h6 9. Bh4 c6 10. O-O Re8 11. Qc2 a5 12. a3 Ne4 13. Bxe7 Qxe7 14. Bxe4 dxe4 15. Nd2 Nf6 16. Nc4 Bf5 17. Rad1 h5 18. d5 cxd5 19. Nb6 Rad8 20. Nbxd5 Nxd5 21. Nxd5 Qg5 22. Qc5 Rc8 23. Qd6 h4 24. Qf4 Qh5 25. Rc1 Rc6 26. Rxc6 bxc6 27. Nc3 h3 28. g3 Re5 29. f3 f6 30. g4 Qg6 31. Kh1 exf3 32. Qxf3 Bxg4 33. Qg3 Rg5 34. Qf4 Kh7 35. Qe4 Qxe4+ 36. Nxe4 Re5 37. Nf2 Bf3+ 38. Kg1 Rg5+ 39. Ng4 Rxg4+ 40. Kf2 Be4 41. Rd1 Rg2+ 42. Ke1 Rxh2 43. Rd4 Rxb2 44. Rxe4 h2 45. Rd4 h1=Q# 0-1


[Site "https://www.chess.com"]

[Event "Titled Tuesday Blitz November 14 Early 2023"]
[White "Szpar, Milosz"]
[Black "Pranav, V"]
[WhiteFideId "1184989"]
[BlackFideId "25060783"]
[WhiteElo "2837"]
[BlackElo "3075"]
[Result "1-0"]
[Round "11"]
[TimeControl "180+1"]
[Date "2023.11.14"]
[WhiteClock "0:00:05"]
[BlackClock "0:00:01"]
[Board "15"]

1. e4 e5 2. Nf3 Nc6 3. Nc3 Nf6 4. Bb5 Bb4 5. O-O O-O 6. d3 Bxc3 7. bxc3 d6 8. Re1 Nb8 9. d4 Qe7 10. a4 a6 11. Bd3 Nc6 12. h3 h6 13. Rb1 Rd8 14. Be3 Qe8 15. d5 Ne7 16. a5 Ng6 17. c4 Nh5 18. c5 Nhf4 19. Bf1 f5 20. cxd6 cxd6 21. Bb6 fxe4 22. Nd2 Rd7 23. Nxe4 Nf8 24. g3 N4g6 25. c4 Qf7 26. Rb3 Nh8 27. Rf3 Qe7 28. c5 Nf7 29. c6 Rc7 30. Qb3 bxc6 31. Bxc7 Qxc7 32. dxc6 Be6 33. Bc4 Re8 34. Bd5 Qxa5 35. Rd1 Qc7 36. Qc4 a5 37. Rb3 Bxd5 38. Qxd5 Ne6 39. Rb7 Qc8 40. Rxf7 Nd4 41. Re7+ Kh7 42. Rxe8 Qxe8 43. Rxd4 exd4 44. Nxd6 Qe2 45. Qxd4 Qe1+ 46. Kg2 Qc1 47. Qe4+ Kg8 48. Nf5 a4 49. Qxa4 Kh7 50. Qe4 Kg6 51. Nd4+ Kf7 52. Qe6+ Kf8 53. Nf5 g6 54. Qe7+ 1-0


[Site "https://www.chess.com"]

[Event "Titled Tuesday Blitz November 14 Early 2023"]
[White "Erdogmus, Yagiz Kaan"]
[Black "Idani, Pouya"]
[WhiteFideId "44599790"]
[BlackFideId "12510130"]
[WhiteElo "3027"]
[BlackElo "2844"]
[Result "1-0"]
[Round "11"]
[TimeControl "180+1"]
[Date "2023.11.14"]
[WhiteClock "0:00:13"]
[BlackClock "0:00:12"]
[Board "16"]

1. e4 c5 2. Nf3 d6 3. d4 cxd4 4. Nxd4 Nf6 5. Nc3 Nc6 6. Bg5 e6 7. Qd3 Bd7 8. Ndb5 Qb8 9. O-O-O Ng4 10. Bh4 g5 11. Bg3 Nge5 12. Nxd6+ Bxd6 13. Qxd6 Qxd6 14. Rxd6 Ke7 15. Rd2 f6 16. Be2 Rad8 17. Rhd1 Be8 18. f3 Rxd2 19. Rxd2 a6 20. a4 h5 21. Bf2 Nd7 22. b3 h4 23. Kb2 h3 24. g3 Bh5 25. f4 Bxe2 26. Rxe2 g4 27. Nb1 Rc8 28. Nd2 b5 29. axb5 axb5 30. c4 bxc4 31. Nxc4 Rb8 32. Kc3 e5 33. Ne3 Rxb3+ 34. Kxb3 Nd4+ 35. Kc4 Nxe2 36. Kd3 Nd4 37. Nd5+ Kd6 38. Bxd4 exd4 39. Kxd4 Nc5 40. Ne3 Ne6+ 41. Kc4 Nc5 42. Nf5+ Kc6 43. Ne7+ Kd6 44. e5+ fxe5 45. fxe5+ Kxe5 46. Kxc5 Ke4 47. Nd5 Ke5 48. Ne3 Ke4 49. Nxg4 Kf3 50. Kd4 Kxg4 51. Ke4 Kg5 52. Kf3 Kh5 53. Kf4 Kh6 54. Kg4 1-0


[Site "https://www.chess.com"]

[Event "Titled Tuesday Blitz November 14 Early 2023"]
[White "Demchenko, Anton"]
[Black "Timofeev, Artyom"]
[WhiteFideId "4160258"]
[BlackFideId "4140419"]
[WhiteElo "3009"]
[BlackElo "2836"]
[Result "0-1"]
[Round "11"]
[TimeControl "180+1"]
[Date "2023.11.14"]
[WhiteClock "0:00:00"]
[BlackClock "0:00:31"]
[Board "17"]

1. e4 c5 2. Nf3 d6 3. d4 cxd4 4. Nxd4 Nf6 5. Nc3 g6 6. Be3 Bg7 7. Be2 Nc6 8. O-O O-O 9. a4 Bd7 10. Qd2 Rc8 11. f3 Ne5 12. Rfd1 Nc4 13. Bxc4 Rxc4 14. Nde2 Qb8 15. b3 Rcc8 16. Ra2 a6 17. a5 Be6 18. Bd4 Rfe8 19. Na4 d5 20. Bxf6 exf6 21. exd5 Bxd5 22. Nb6 Be6 23. Nxc8 Bxc8 24. c4 b6 25. Nd4 bxa5 26. Qxa5 Bb7 27. c5 f5 28. Rad2 Qf4 29. c6 Qe3+ 30. Kf1 Bxd4 31. Rxd4 Bxc6 32. Qxa6 Bxf3 33. gxf3 Qxf3+ 34. Kg1 Re2 35. Qxe2 Qxe2 36. b4 f4 37. R4d2 Qe3+ 38. Kf1 Qb3 39. Re1 Qxb4 40. Rf2 Kg7 41. h3 g5 42. Re5 h6 43. Kg2 Qb7+ 44. Kh2 Qc7 45. Ree2 f3+ 0-1


[Site "https://www.chess.com"]

[Event "Titled Tuesday Blitz November 14 Early 2023"]
[White "Vokhidov, Shamsiddin"]
[Black "Gharibyan, Mamikon"]
[WhiteFideId "14204223"]
[BlackFideId "13308300"]
[WhiteElo "2992"]
[BlackElo "2810"]
[Result "1/2-1/2"]
[Round "11"]
[TimeControl "180+1"]
[Date "2023.11.14"]
[WhiteClock "0:00:46"]
[BlackClock "0:00:22"]
[Board "18"]

1. b3 d5 2. Bb2 Bg4 3. g3 Nf6 4. Bg2 e6 5. d3 Bd6 6. Nd2 Nbd7 7. h3 Bh5 8. Ngf3 c6 9. e4 e5 10. O-O O-O 11. Qe1 Re8 12. Nh4 Bg6 13. a3 a5 14. Qe2 Nc5 15. Nxg6 hxg6 16. exd5 cxd5 17. c4 e4 18. dxe4 Nfxe4 19. Nxe4 dxe4 20. b4 Nd3 21. c5 Bc7 22. Bc3 Qd5 23. Rad1 Qc4 24. Bxe4 Qxc3 25. Qxd3 axb4 26. axb4 Qxb4 27. Bd5 Qxc5 28. Rc1 Qe7 29. Qxg6 Be5 30. Rfe1 Qf6 31. Qxf6 Bxf6 32. Bxb7 Rxe1+ 33. Rxe1 Ra1 34. Rxa1 Bxa1 1/2-1/2


[Site "https://www.chess.com"]

[Event "Titled Tuesday Blitz November 14 Early 2023"]
[White "Gurel, Ediz"]
[Black "Narayanan, Srinath"]
[WhiteFideId "44507356"]
[BlackFideId "5018420"]
[WhiteElo "2936"]
[BlackElo "2810"]
[Result "1-0"]
[Round "11"]
[TimeControl "180+1"]
[Date "2023.11.14"]
[WhiteClock "0:00:03"]
[BlackClock "0:00:08"]
[Board "19"]

1. e4 c5 2. Nf3 d6 3. d4 cxd4 4. Nxd4 Nf6 5. Nc3 Nc6 6. Bg5 e6 7. Qd2 a6 8. Nxc6 bxc6 9. O-O-O Be7 10. Bxf6 gxf6 11. Bc4 Bb7 12. Rhe1 Qc7 13. Qe2 Qa5 14. f4 O-O-O 15. f5 d5 16. Bb3 e5 17. Qh5 Rhf8 18. Qf3 Bb4 19. exd5 cxd5 20. Rf1 d4 21. Ne4 Kb8 22. Qd3 Rc8 23. Kb1 Be7 24. g4 Rc7 25. h4 Rfc8 26. g5 fxg5 27. f6 Bf8 28. Nxg5 Bd5 29. Bxd5 Qxd5 30. Rf2 Rb7 31. b3 Bb4 32. Qe4 Qa5 33. Nf3 Rb5 34. a4 Rbc5 35. Qxh7 Bc3 36. Qxf7 Qb4 37. Ka2 Ra5 38. Qd7 e4 39. Nxd4 e3 40. Nc6+ Rxc6 41. Qxc6 Bd4 42. Rxd4 Qxd4 43. f7 1-0


[Site "https://www.chess.com"]

[Event "Titled Tuesday Blitz November 14 Early 2023"]
[White "Ashraf, Artin"]
[Black "Saydaliev, Saidakbar"]
[WhiteFideId "22514805"]
[BlackFideId "14203693"]
[WhiteElo "2925"]
[BlackElo "2778"]
[Result "0-1"]
[Round "11"]
[TimeControl "180+1"]
[Date "2023.11.14"]
[WhiteClock "0:00:03"]
[BlackClock "0:00:17"]
[Board "20"]

1. c4 Nf6 2. g3 e6 3. Bg2 d5 4. Nf3 Be7 5. d4 O-O 6. Nbd2 b6 7. O-O Bb7 8. cxd5 exd5 9. Nb1 Nbd7 10. Bf4 a6 11. Nc3 Re8 12. Rc1 c5 13. e3 h6 14. h4 Bf8 15. Ne5 Rc8 16. Bh3 c4 17. a4 Bb4 18. Nxd7 Nxd7 19. Bxh6 Bxc3 20. bxc3 Rc6 21. Bg5 f6 22. Bf4 Nf8 23. Qh5 Bc8 24. Bg2 Be6 25. e4 Bf7 26. Qg4 dxe4 27. Bh6 Bg6 28. Be3 Qd5 29. Rb1 Bh5 30. Qh3 f5 31. Rb2 Nd7 32. Rfb1 Rb8 33. Bf1 b5 34. Bf4 Rb7 35. Be2 Bxe2 36. Rxe2 b4 37. cxb4 c3 38. Rc2 Nf6 39. Qf1 Qxd4 40. b5 axb5 41. axb5 Rc8 42. Rbc1 Nd5 43. Bd2 Rbc7 44. Bg5 Nb4 45. Re2 c2 46. Rd2 Nd3 47. Be3 Qc3 48. Rdxc2 Qxc2 49. Rxc2 Rxc2 50. Kh2 Nxf2 51. Bxf2 e3 52. Qd3 Rxf2+ 53. Kh3 Rcc2 54. g4 Rf3# 0-1


[Site "https://www.chess.com"]

[Event "Titled Tuesday Blitz November 14 Early 2023"]
[White "Chigaev, Maksim"]
[Black "Borsuk, Konstantin"]
[WhiteFideId "4108116"]
[BlackFideId "14113406"]
[WhiteElo "2916"]
[BlackElo "2789"]
[Result "1-0"]
[Round "11"]
[TimeControl "180+1"]
[Date "2023.11.14"]
[WhiteClock "0:00:04"]
[BlackClock "0:00:00"]
[Board "21"]

1. d4 Nf6 2. c4 e6 3. g3 Be7 4. Bg2 O-O 5. e4 d5 6. cxd5 exd5 7. e5 Ne4 8. Nc3 Nxc3 9. bxc3 c5 10. Ne2 Nc6 11. O-O cxd4 12. cxd4 Be6 13. Nf4 Qd7 14. Rb1 Na5 15. Nxe6 fxe6 16. Qg4 Rac8 17. Bh6 Rf7 18. Bh3 Rc6 19. Bf4 Nc4 20. Rfd1 b6 21. Rb3 Na5 22. Rf3 Bf8 23. Bd2 Rxf3 24. Qxf3 Nc4 25. Bf4 b5 26. Bg4 a5 27. h4 b4 28. h5 h6 29. Bh3 Qf7 30. Bf1 a4 31. Bd3 Nb2 32. Bg6 Qd7 33. Rc1 Nc4 34. Bb1 Qf7 35. Bg6 Qb7 36. Rb1 Qd7 37. g4 Na3 38. Rc1 Rxc1+ 39. Bxc1 Nc4 40. g5 Qe7 41. Kh2 hxg5 42. Bxg5 Qd7 43. Bb1 Na3 44. Bg6 Nc4 45. Bc1 Qe7 46. Kh3 b3 47. axb3 axb3 48. Qxb3 Qd8 49. Qf3 Qe7 50. Bg5 Qd7 51. Bh4 Na5 52. Bb1 Nc6 53. Qd3 1-0


[Site "https://www.chess.com"]

[Event "Titled Tuesday Blitz November 14 Early 2023"]
[White "Yaran, Siar"]
[Black "Yeletsky, Ivan"]
[WhiteFideId "6323006"]
[BlackFideId "24180327"]
[WhiteElo "2707"]
[BlackElo "2904"]
[Result "0-1"]
[Round "11"]
[TimeControl "180+1"]
[Date "2023.11.14"]
[WhiteClock "0:00:00"]
[BlackClock "0:00:20"]
[Board "22"]

1. e4 e5 2. Nf3 Nc6 3. Bc4 Nf6 4. d3 Be7 5. O-O O-O 6. Re1 d6 7. a4 Be6 8. a5 a6 9. c3 Bxc4 10. dxc4 Kh8 11. Nbd2 Nb8 12. Nf1 Nbd7 13. b4 Ng8 14. Ne3 g6 15. Qc2 Bf6 16. Ba3 Ne7 17. Rad1 Qe8 18. c5 dxc5 19. bxc5 Nc6 20. Nc4 Be7 21. Rd5 Nf6 22. Qb3 Rb8 23. Rd3 Bd8 24. Bc1 Kg7 25. Bg5 Qe6 26. Bxf6+ Bxf6 27. Rd5 h5 28. h3 Rfe8 29. Ne3 Nxa5 30. Qd1 Rbd8 31. g4 hxg4 32. hxg4 Nc6 33. g5 Be7 34. Kg2 Bxc5 35. Rxc5 Rxd1 36. Rxd1 Rh8 37. Rh1 Rxh1 38. Kxh1 a5 39. Kg2 a4 40. Rd5 a3 0-1


[Site "https://www.chess.com"]

[Event "Titled Tuesday Blitz November 14 Early 2023"]
[White "Sydoryka, Vladyslav"]
[Black "Madaminov, Mukhiddin"]
[WhiteFideId "14145928"]
[BlackFideId "14210703"]
[WhiteElo "2674"]
[BlackElo "2877"]
[Result "0-1"]
[Round "11"]
[TimeControl "180+1"]
[Date "2023.11.14"]
[WhiteClock "0:01:31"]
[BlackClock "0:02:13"]
[Board "23"]

1. c4 b6 2. g3 Bb7 3. Nf3 e6 4. Bg2 g6 5. O-O Bg7 6. d4 Nf6 7. Nc3 Ne4 8. Nxe4 Bxe4 9. b3 O-O 10. Bb2 d5 11. Bh3 Bxf3 12. exf3 dxc4 13. bxc4 Nc6 14. f4 Bxd4 15. Qe2 Qf6 16. Rab1 Bxb2 17. Rxb2 Nd4 18. Qd3 Nf3+ 19. Qxf3 Qxb2 20. a4 Rad8 21. Qc6 Qa3 22. Bg2 Qc5 0-1


[Site "https://www.chess.com"]

[Event "Titled Tuesday Blitz November 14 Early 2023"]
[White "Ahmad, Khagan"]
[Black "Klukin, Kirill"]
[WhiteFideId "13431552"]
[BlackFideId "24199273"]
[WhiteElo "2642"]
[BlackElo "2855"]
[Result "0-1"]
[Round "11"]
[TimeControl "180+1"]
[Date "2023.11.14"]
[WhiteClock "0:00:01"]
[BlackClock "0:00:08"]
[Board "24"]

1. Nf3 c5 2. c4 Nc6 3. Nc3 g6 4. g3 Bg7 5. Bg2 a6 6. O-O Rb8 7. e3 e5 8. d4 d6 9. dxc5 dxc5 10. Qxd8+ Nxd8 11. Ng5 Nf6 12. Nge4 Nxe4 13. Nxe4 Ne6 14. b3 Ke7 15. Ba3 b6 16. Nc3 Rd8 17. Rad1 f5 18. Bb2 e4 19. Nd5+ Kf7 20. Bxg7 Kxg7 21. Rd2 Bb7 22. Rfd1 Bxd5 23. cxd5 Nc7 24. d6 Ne6 25. Bf1 b5 26. Rd5 Rb6 27. g4 Kf6 28. gxf5 gxf5 29. Bh3 Ng7 30. d7 Rc6 31. f4 exf3 32. Kf2 c4 33. bxc4 bxc4 34. Kxf3 c3 35. Rd6+ Rxd6 36. Rxd6+ Ke7 37. Rxa6 Rxd7 38. Rc6 Rd2 39. Rxc3 Rxh2 40. Bg2 Rh4 41. a3 Kf6 42. Bf1 Ra4 43. Rc6+ Kg5 44. Ra6 Rh4 45. a4 Nh5 46. a5 Nf6 47. Ra7 Ra4 48. a6 Ra3 49. Rg7+ Kh6 50. Rf7 Kg6 51. Bc4 Ng4 52. Kf4 Nxe3 53. Be6 Rxa6 54. Re7 Ra3 55. Bd7 Ng2+ 56. Ke5 Re3+ 57. Kd6 Rxe7 58. Kxe7 Kg5 59. Bc6 Ne3 60. Ke6 Kf4 61. Kf6 h5 62. Kg6 h4 63. Kh5 Kg3 64. Kg5 f4 65. Bh1 h3 66. Kf6 f3 67. Ke5 f2 0-1


[Site "https://www.chess.com"]

[Event "Titled Tuesday Blitz November 14 Early 2023"]
[White "Kozak, Antoni"]
[Black "Remolar Gallen, Jose"]
[WhiteFideId "21832030"]
[BlackFideId "2215187"]
[WhiteElo "2850"]
[BlackElo "2501"]
[Result "1-0"]
[Round "11"]
[TimeControl "180+1"]
[Date "2023.11.14"]
[WhiteClock "0:00:14"]
[BlackClock "0:00:00"]
[Board "25"]

1. Nf3 g6 2. c4 Bg7 3. Nc3 Nf6 4. e4 d6 5. d4 O-O 6. h3 e5 7. d5 Na6 8. Bg5 h6 9. Be3 Nc5 10. Nd2 a5 11. g4 Ne8 12. Be2 Kh7 13. Qc2 f5 14. gxf5 gxf5 15. O-O-O f4 16. Bxc5 dxc5 17. Bg4 Nd6 18. Rdg1 Bf6 19. Qd1 Qe7 20. b3 b6 21. Bxc8 Raxc8 22. Qh5 Rg8 23. Nf3 a4 24. Nxa4 Ra8 25. Nc3 Qd7 26. h4 Rxg1+ 27. Rxg1 Rg8 28. Rxg8 Kxg8 29. Qg6+ Bg7 30. Nb5 Nxb5 31. cxb5 Qh3 32. Qe6+ Qxe6 33. dxe6 Kf8 34. h5 Ke7 35. Nh4 Kxe6 36. Nf5 Bf8 37. Nh4 Kf6 38. Nf3 c4 39. bxc4 Bc5 40. Kd2 Bxf2 41. Ke2 Bc5 42. Kf1 Ke6 43. Kg2 Be3 44. Kh3 Kf6 45. Kg4 Bf2 46. a4 Bc5 47. Ne1 Ke6 48. Nd3 Ba3 49. Ne1 Bc5 50. Nf3 Bd6 51. Nh4 Kf6 52. Nf5 Bf8 53. Kh4 Ke6 54. Kh3 Kf6 55. Kg4 Ke6 56. Nh4 Bc5 57. Nf3 Kf6 58. Nd2 Ke6 59. Nb3 Be7 60. Nc1 Ba3 61. Ne2 Bb4 62. Kh4 Kf6 63. Kg4 Ke6 64. Kf3 Bc5 65. Nc3 1-0


[Site "https://www.chess.com"]

[Event "Titled Tuesday Blitz November 14 Early 2023"]
[White "Korchmar, Vasiliy"]
[Black "Baskakov, Egor"]
[WhiteFideId "24131750"]
[BlackFideId "24197866"]
[WhiteElo "2747"]
[BlackElo "2905"]
[Result "1-0"]
[Round "11"]
[TimeControl "180+1"]
[Date "2023.11.14"]
[WhiteClock "0:00:32"]
[BlackClock "0:00:01"]
[Board "26"]

1. e4 e5 2. Nf3 Nc6 3. Nc3 g6 4. d4 exd4 5. Nxd4 Bg7 6. Nxc6 bxc6 7. Bc4 Ne7 8. O-O O-O 9. Bg5 h6 10. Bh4 d6 11. f4 Be6 12. Bb3 Qd7 13. Qf3 Rae8 14. f5 gxf5 15. Bxe7 Qxe7 16. exf5 Bxb3 17. axb3 Bd4+ 18. Kh1 Qg5 19. Qxc6 Re3 20. Nd5 Re2 21. Nf4 Re5 22. Qxc7 Rxf5 23. Nd3 Rf6 24. Qc4 Bb6 25. Nf4 Re8 26. Nd5 Rf5 27. Rxf5 Qxf5 28. Rf1 Bf2 29. Qb5 Re5 30. Ne7+ 1-0


[Site "https://www.chess.com"]

[Event "Titled Tuesday Blitz November 14 Early 2023"]
[White "Sattarov, Bobir"]
[Black "Zhigalko, Sergei"]
[WhiteFideId "14203081"]
[BlackFideId "13502956"]
[WhiteElo "2746"]
[BlackElo "2902"]
[Result "1-0"]
[Round "11"]
[TimeControl "180+1"]
[Date "2023.11.14"]
[WhiteClock "0:01:43"]
[BlackClock "0:00:00"]
[Board "27"]

1. e4 c5 2. Nf3 Nc6 3. d4 cxd4 4. Nxd4 Nf6 5. Nc3 e5 6. Ndb5 d6 7. Bg5 a6 8. Na3 b5 9. Nd5 Be7 10. Bxf6 Bxf6 11. c4 b4 12. Nc2 O-O 13. g3 a5 14. Bg2 Bg5 15. O-O Ne7 16. f4 Bh6 17. Nce3 Nxd5 18. Nxd5 Be6 19. Kh1 Kh8 20. Qd3 exf4 21. gxf4 g6 22. Rad1 Bg7 23. b3 Ra7 24. Qe3 Ra8 25. Nb6 Rb8 26. c5 d5 27. f5 d4 28. Qf4 gxf5 29. exf5 1-0


[Site "https://www.chess.com"]